 Dungeon Crawl Stone Soup version 0.31-a0-424-g41b3b0883d (webtiles) character file.

Game seed: 12750970643301919884

791 AdnanSaban the Covered (level 7, -2/44 HPs)
             Began as a Gargoyle Fighter on July 30, 2023.
             Slain by a small abomination (10 damage)
             ... on level 1 of the Abyss.
             The game lasted 00:06:59 (4208 turns).

AdnanSaban the Covered (Gargoyle Fighter)           Turns: 4208, Time: 00:07:00

Health: -2/44      AC: 24    Str: 21    XL:     7   Next: 88%
Magic:  7/7        EV:  5    Int:  9    God:
Gold:   275        SH:  8    Dex:  9    Spells: 6/6 levels left

rFire   . . .        k - +0 whip (venom)
rCold   . . .        p - +0 kite shield
rNeg    + . .        B - +0 plate armour
rPois   ∞            f - +0 helmet
rElec   +            (no cloak)
rCorr   .            g - +0 pair of gloves
SInv    +            w - +0 pair of boots
Will    .....        (no amulet) Stlth
                     c - +4 ring of protection
HPRegen 0.27/turn    v - ring of see invisible
MPRegen 0.10/turn

%: no passive effects
@: no status effects
A: sickness immunity, AC +4, negative energy resistance 1, electricity
resistance, torment resistance 1, petrification resistance
a: no special abilities


You were on level 1 of the Abyss.
You visited 1 branch of the dungeon, and saw 6 of its levels.
You visited the Abyss 1 time.

You collected 275 gold pieces.

Inventory:

Hand Weapons
 a - a +0 flail
 k - a +0 whip of venom (weapon)
Missiles
 n - 36 stones (quivered)
 s - 4 boomerangs
Armour
 f - a +0 helmet (worn)
 g - a +0 pair of gloves (worn)
 p - a +0 kite shield (worn)
 w - a +0 pair of boots (worn)
 B - a +0 plate armour (worn)
Jewellery
 c - a +4 ring of protection (left hand)
 v - a ring of see invisible (right hand)
Wands
 b - a wand of quicksilver (7)
 x - a wand of charming (6)
Scrolls
 e - 6 scrolls of identify {unknown}
 l - a scroll of silence {unknown}
 m - 4 scrolls of vulnerability {unknown}
 q - a scroll of fog {unknown}
 r - a scroll of teleportation {unknown}
 t - a scroll of torment {unknown}
 y - a scroll of noise {unknown}
 A - a scroll of enchant weapon {unknown}
Potions
 d - 2 potions of might
 h - a potion of magic {unknown}
 i - 3 potions of curing {unknown}
 j - a potion of degeneration {unknown}
 o - a potion of brilliance {unknown}
 u - 2 potions of ambrosia {unknown}


   Skills:
 + Level 4.9 Fighting
 + Level 4.9 Maces & Flails
 + Level 0.3 Throwing
 + Level 5.2 Armour
 + Level 1.9 Dodging
 - Level 2.0 Stealth
 + Level 5.2 Shields


You had 6 spell levels left.
You didn't know any spells.
Your spell library contained the following spells:

 Spells                   Type           Power      Damage    Failure   Level
 Ensorcelled Hibernation  Hex/Ice        0%         N/A       100%        2
 Passwall                 Tmut/Erth      0%         N/A       100%        2
 Swiftness                Air            0%         N/A       100%        3
 Fireball                 Conj/Fire      0%         3d3       100%        5
 Iskenderun's Battlesphe  Conj           0%         2d6       100%        5
 Conjure Ball Lightning   Conj/Air       0%         3x3d6     100%        6
 Orb of Destruction       Conj           0%         9d5       100%        7


Dungeon Overview and Level Annotations

Branches:
Dungeon (6/15)
 Temple: D:4-7

Altars:
Fedhas
Qazlal

Shops:
D:3 *


Innate Abilities, Weirdness & Mutations

You are immune to sickness and miasma.
Your stone body is resilient. (AC +4)
You are immune to poison.
You resist negative energy. (rN+)
You are resistant to electric shocks. (rElec)
You are resistant to unholy torment.
You are immune to petrification.


Message History

You block the small abomination's attack.
The thrashing horror closely misses you.
The thrashing horror tramples you but does no damage.
The thrashing horror tramples you but does no damage.
The thrashing horror tramples you.
You stumble backwards!
The thrashing horror attacks as you move away!
The thrashing horror tramples you but does no damage.
You block the thrashing horror's attack.
The thrashing horror tramples you but does no damage. x2
The thrashing horror attacks as you move away!
You block the thrashing horror's attack.
The thrashing horror tramples you but does no damage. x2
You block the thrashing horror's attack.
The thrashing horror attacks as you move away!
The thrashing horror tramples you.
The thrashing horror tramples you but does no damage. x2
The thrashing horror tramples you.
You hold your ground!
The thrashing horror barely misses you.
The thrashing horror tramples you but does no damage.
A glowing orange brain comes into view.
The glowing orange brain turns its attention towards you.
You block the thrashing horror's attack.
The thrashing horror barely misses you.
You block the thrashing horror's attack.
The thrashing horror tramples you but does no damage. x2
You block the thrashing horror's attack.
The raiju bursts into living lightning!
The living lightning hits you. You resist.
* * * LOW HITPOINT WARNING * * *
The raiju blinks!
The thrashing horror tramples you but does no damage. x2
You block the small abomination's attack.
The raiju bursts into living lightning!
The living lightning hits you. You resist.
* * * LOW HITPOINT WARNING * * *
The raiju blinks!
You hit the thrashing horror but do no damage.
The thrashing horror tramples you but does no damage. x2
The small abomination hits you!
You die...

#. .. .. .
...# .#. ..#
#####..#
#..§#..#
#...G##
##..@x#
#.#.Xh...#
#.#..x≈..X#
###.#♣#.#...
.#. .# .. #.
. . . #. ≈.
.. .#


You could see a glowing orange brain, an ancient zyme, a thrashing horror, a
large abomination, a raiju and a small abomination.

Vanquished Creatures
  3 black bears
  A howler monkey (D:5)
  A jelly (D:5)
  3 hounds
  A gnoll bouda (D:5)
  2 iguanas
  2 orc wizards
  6 adders
  6 gnolls
  A white imp (D:5)
  An ufetubus (D:5)
  3 dart slugs
  12 orcs
  5 ball pythons
  7 endoplasms
  6 giant cockroaches
  7 goblins
  3 hobgoblins
  12 jackals
  9 kobolds
  4 quokkas
  5 bats
  4 frilled lizards
  5 rats
109 creatures vanquished.

Notes
Turn   | Place    | Note
-------+----------+-------------------------------------------
     0 | D:1      | AdnanSaban the Gargoyle Fighter began the quest for the
                  | Orb.
     0 | D:1      | Reached XP level 1. HP: 14/14 MP: 1/1
   267 | D:1      | Reached XP level 2. HP: 19/19 MP: 2/2
   657 | D:2      | Reached XP level 3. HP: 23/23 MP: 3/3
   663 | D:2      | Identified the +6 dagger of the Supporting Traitor {flame,
                  | *Slow rN++ MP+9 Str+3}
   911 | D:2      | Reached XP level 4. HP: 19/29 MP: 4/4
  1598 | D:3      | Reached XP level 5. HP: 27/33 MP: 5/5
  1631 | D:3      | Found Hiryfuj's General Store.
  1697 | D:3      | Reached skill level 1 in Dodging
  1924 | D:3      | Found a blossoming altar of Fedhas.
  1926 | D:3      | Found a stormy altar of Qazlal.
  2031 | D:3      | Found a faded altar of an unknown god.
  2293 | D:4      | Noticed a black bear
  2319 | D:4      | Killed a black bear
  2320 | D:4      | Reached XP level 6. HP: 32/39 MP: 6/6
  2899 | D:5      | Entered Level 5 of the Dungeon
  3031 | D:5      | Noticed a black bear
  3046 | D:5      | Killed a black bear
  3047 | D:5      | Reached skill level 1 in Stealth
  3047 | D:5      | Reached XP level 7. HP: 39/44 MP: 7/7
  3303 | D:5      | Reached skill level 5 in Armour
  3695 | D:5      | Reached skill level 5 in Shields
  4084 | Abyss:1  | Found a corrupted altar of Lugonu.
  4084 | Abyss:1  | Cast into level 1 of the Abyss (orc)
  4097 | Abyss:1  | Found a bloodstained altar of Trog.
  4133 | Abyss:1  | Found a bloodstained altar of Trog.
  4139 | Abyss:1  | Noticed an orange demon
  4155 | Abyss:1  | Noticed a raiju
  4160 | Abyss:1  | Noticed a raiju
  4160 | Abyss:1  | Noticed a large abomination
  4162 | Abyss:1  | Noticed a raiju
  4171 | Abyss:1  | Noticed an ancient zyme
  4188 | Abyss:1  | Noticed a thrashing horror
  4204 | Abyss:1  | Noticed a glowing orange brain
  4208 | Abyss:1  | Slain by a small abomination

Illustrated notes

Levels and vault maps discovered:
D:1:      eino_arrival_water_cross, layout_loops_cross, minmay_tromino_mix6
D:2:      layout_rooms
D:3:      layout_basic, grunt_temple_overflow_forces_of_nature, serial_shops,
          shop, hellmonk_ecumenical_altar_dog_temple, minmay_statues_item
D:4:      layout_basic, minmay_misc_feat_encased
D:5:      layout_cave_pods, minivault_5
D:6:      layout_gridville, lemuel_zombie_altar_kikubaaqudgha,
          minmay_temple_entry_from_below_a, kennysheep_nub,
          chequers_serial_rivers_large_a, grunt_tough_drop
Abyss:1:  base: D:5, base:
D:4

Skill      XL: |  1  2  3  4  5  6  7 |
---------------+----------------------+-----
Armour         | 4 5 |  5.2
Maces & Flails | 3 4 |  4.9
Dodging        | 1 |  1.9
Fighting       | 4 |  4.9
Shields        | 4 5 |  5.2
Stealth        | 1 2 |  2.0
Throwing       | |  0.3

Action                     |  1- 3 |  4- 6 |  7- 9 || total
---------------------------+-------+-------+-------++-------
  Melee: Flail             |    98 |       |       ||    98
         Whip              |     6 |   211 |   100 ||   317
  Throw: Stone             |       |    10 |       ||    10
 Armour: Scale mail        |    75 |    99 |       ||   174
         Chain mail        |       |    19 |    47 ||    66
         Plate armour      |       |       |    72 ||    72
  Dodge: Dodged            |    76 |    78 |    40 ||   194
  Block: Buckler           |    29 |    16 |       ||    45
         Kite shield       |       |    64 |    57 ||   121

Table legend: (Time is in decaauts)
 A = Elapsed time spent in this place.
 B = Non-inter-level travel time spent in this place.
 C = Inter-level travel time spent in this place.
 D = Time resting spent in this place.
 E = Time spent auto-exploring this place.
 F = Levels seen in this place.
 G = Mean time per level.
                   A        B        C        D        E       F      G
               +--------+--------+--------+--------+--------+-----+--------+
         Total |   4244 |   4099 |    145 |    209 |   2847 |   7 |  606.3 |
       Dungeon |   4120 |   3975 |    145 |    209 |   2847 |   6 |  686.7 |
         Abyss |    123 |    123 |      0 |      0 |      0 |   1 |  123.0 |
               +--------+--------+--------+--------+--------+-----+--------+

Top non-repeatable levels by time:
     D:5: 1180 daAuts
     D:1: 836 daAuts
     D:3: 757 daAuts
     D:2: 680 daAuts
     D:4: 660 daAuts
 Abyss:1: 123 daAuts
     D:6: 5 daAuts
